 Dungeon Crawl Stone Soup version 0.20-a0-187-ge5586d949a (webtiles) character file.

45 mopl the Vexing (level 3, 14/14 HPs)
             Began as a Felid Enchanter on Nov 23, 2016.
             Quit the game on level 3 of the Dungeon.
             The game lasted 00:05:10 (2666 turns).

mopl the Vexing (Felid Enchanter)                   Turns: 2666, Time: 00:05:10

Health: 14/14      AC:  1    Str:  4    XL:     3   Next: 42%
Magic:  7/7        EV: 18    Int: 17    God:
Gold:   151        SH:  0    Dex: 16    Spells: 1/7 levels left
                                        Lives:  0   Deaths: 1

rFire  . . .     SeeInvis +       - Unarmed
rCold  . . .     Gourm    .     (armour unavailable)
rNeg   . . .     Faith    .     (shield unavailable)
rPois  .         Spirit   .     (helmet unavailable)
rElec  .         Reflect  .     (cloak unavailable)
rCorr  .         Harm     .     (gloves unavailable)
MR     .....                    (boots unavailable)
Stlth  +++.......               (no amulet)
                                (no ring)
                                (no ring)

@: quick
A: no armour, no weapons or thrown items, stealth, claws 1, fangs 3, see
invisible, carnivore 3, speed 1, shaggy fur 1, slow metabolism 1, sharp paws
a: no special abilities


You were on level 3 of the Dungeon.
You were not hungry.

You visited 1 branch of the dungeon, and saw 3 of its levels.

You collected 151 gold pieces.

Inventory:

Jewellery
 n - an uncursed amulet of guardian spirit
Scrolls
 c - a scroll of identify
 e - 2 scrolls of enchant armour {unknown}
 f - a scroll of amnesia {unknown}
 g - 2 scrolls of fear
 i - a scroll of immolation {unknown}
 k - a scroll of noise {unknown}
 l - a scroll of teleportation {unknown}
 o - a scroll of remove curse
Potions
 d - 3 potions of haste
 h - a potion of resistance
 m - a potion of might
Books
 a - a book of Maledictions

   Spells                             Type                      Level
   a - Corona                         Hexes                        1
   b - Ensorcelled Hibernation        Hexes/Ice                    2
   c - Confuse                        Hexes                        3
   d - Tukima's Dance                 Hexes                        3
   e - Dazzling Spray                 Conjuration/Hexes            3
Comestibles
 b - 3 meat rations
 j - a royal jelly
 p - 4 chunks of flesh
 q - a beef jerky


   Skills:
 - Level 2.6 Dodging
 * Level 4.8 Stealth
 * Level 2.2 Unarmed Combat
 + Level 2.5 Spellcasting
 * Level 5.2 Hexes
 + Level 1.2 Ice Magic


You had one spell level left.
You knew the following spells:

 Your Spells              Type           Power        Failure   Level  Hunger
a - Corona                Hex            ###....      2%          1    #......
b - Ensorcelled Hibernat  Hex/Ice        ##....       10%         2    ##.....
c - Confuse               Hex            ###.....     10%         3    ###....


Dungeon Overview and Level Annotations

Branches:
Dungeon (3/15)

Altars:


Innate Abilities, Weirdness & Mutations

You cannot wear armour.
You are incapable of wielding weapons or throwing items.
Your paws allow you to move quietly. (Stealth)
You have sharp claws.
You have razor-sharp teeth.
You have supernaturally acute eyesight. (SInv)
You are carnivorous and can eat meat at any time.
You cover ground quickly.
You are covered in fur. (AC +1)
You have a slow metabolism.
Your sharp claws are effective at attacking unaware monsters.


Message History

The orc wizard closely misses you.
Unknown command.
Casting: Ensorcelled Hibernation
Confirm with . or Enter, or press ? or * to list all spells.
Aiming: Ensorcelled Hibernation
Press: ? - help, Shift-Dir - straight line, f/p - orc wizard
Aim: an orc wizard, wielding a dagger and wearing a robe (slightly transparent, chance to defeat MR: 44%)
You miscast Ensorcelled Hibernation.
You are very lightly contaminated with residual magic.
You feel a strange surge of energy! The orc wizard hits you with a dagger.
* * * LOW HITPOINT WARNING * * *
A worm comes into view.
Unknown command.
The orc wizard casts a spell at you. The magic dart hits you!
You die...
You are now level 3!
You rejoin the land of the living...
Found 14 gold pieces.
Are you sure you want to abandon this character and quit the game? (Confirm with "yes".)

..>......
.##
..#####..
. ..# ###
..# ..#
..# #.#
.## #.#
.# #.# .#
#.# .#
#@# .#
#$# .#
... ##
##.## ###


There were no monsters in sight!

Vanquished Creatures
  An orc wizard (D:3)
  A worm (D:3)
  A dart slug (D:2)
  2 leopard geckos
  4 orcs (D:3)
  9 goblins
  5 hobgoblins
  2 jackals (D:2)
  10 kobolds
  6 bats
  12 frilled lizards
  7 rats
60 creatures vanquished.

Notes
Turn   | Place    | Note
-------+----------+-------------------------------------------
     0 | D:1      | mopl the Felid Enchanter began the quest for the Orb.
     0 | D:1      | Reached XP level 1. HP: 7/7 MP: 4/4
   239 | D:1      | Reached XP level 2. HP: 11/11 MP: 4/6
   243 | D:1      | Learned a level 2 spell: Ensorcelled Hibernation
   774 | D:2      | Reached skill level 1 in Ice Magic
   946 | D:2      | Reached XP level 3. HP: 11/14 MP: 2/7
   957 | D:2      | Learned a level 3 spell: Confuse
  1536 | D:2      | Reached skill level 2 in Unarmed Combat
  2114 | D:3      | Reached skill level 5 in Hexes
  2114 | D:3      | Reached XP level 4. HP: 6/18 MP: 1/8
  2665 | D:3      | Killed from afar by an orc wizard
  2666 | D:3      | Reached XP level 3. HP: 0/14 MP: 0/7
  2666 | D:3      | Quit the game

Vault maps used:
D:1:      co_arrival_random_square_maze, minivault_25
D:2:      minmay_lizard_king
D:3:      kennysheep_boxes, uniq_sigmund

Skill      XL: |  1  2  3 |
---------------+----------+-----
Ice Magic      | 1 |  1.2
Unarmed Combat | 2 |  2.2
Hexes          | 5 |  5.2
Dodging        | |  2.6
Stealth        | |  4.8
Spellcasting   | |  2.5

Action                   |  1- 3 |  4- 6 || total
-------------------------+-------+-------++-------
Melee: Unarmed           |   151 |    35 ||   186
       Bite              |     9 |     2 ||    11
 Cast: Corona            |     2 |       ||     2
       Ensorcelled Hiber |    23 |     8 ||    31
  Use: Scroll            |     6 |       ||     6
 Stab: Sleeping          |    24 |     3 ||    27
       Distracted        |     1 |       ||     1
  Eat: Chunk             |    11 |     2 ||    13
Armor: Skin              |    12 |     2 ||    14
Dodge: Dodged            |   121 |    24 ||   145
